 Dungeon Crawl Stone Soup version 0.20.1-1-g8b1a95d (webtiles) character file.

569 tmwrnj the Chopper (level 7, -9/60 HPs)
             Began as a Hill Orc Fighter on Oct 27, 2017.
             Killed from afar by Dowan (12 damage)
             ... with a shard of ice
             ... on level 4 of the Dungeon.
             The game lasted 00:09:38 (3607 turns).

tmwrnj the Chopper (Hill Orc Fighter)               Turns: 3607, Time: 00:09:39

Health: -9/60      AC: 13    Str: 19    XL:     7   Next: 33%
Magic:  7/7        EV:  6    Int:  8    God:
Gold:   229        SH: 10    Dex: 12    Spells: 4/6 levels left

rFire    . . .     SeeInvis .   a - +0 war axe
rCold    . . .     Gourm    .   c - +0 shield
rNeg     . . .     Faith    .   l - +0 chain mail
rPois    .         Spirit   .   (no helmet)
rElec    .         Reflect  .   (no cloak)
rCorr    .         Harm     .   k - +1 pair of gloves
MR       .....                  n - +0 pair of boots
Stlth    ..........             (no amulet)
Regen    0.2/turn               (no ring)
MPRegen  0.1/turn               (no ring)

@: no status effects
A: no striking features
a: no special abilities


You were on level 4 of the Dungeon.
You were not hungry.

You visited 1 branch of the dungeon, and saw 5 of its levels.

You collected 229 gold pieces.

Inventory:

Hand Weapons
 a - a +0 war axe (weapon)
Armour
 c - a +0 shield (worn)
 k - a +1 pair of gloves (worn)
 l - a +0 chain mail (worn)
 n - a +0 pair of boots (worn)
Wands
 q - a wand of random effects (28/48)
 B - a wand of digging (11/24)
 D - a wand of disintegration (13/24)
Scrolls
 e - 3 scrolls of teleportation
 g - 2 scrolls of magic mapping
 j - a scroll of amnesia {unknown}
 s - 3 scrolls of identify
 u - 2 scrolls of blinking {unknown}
 v - 2 scrolls of enchant armour {unknown}
 y - 2 scrolls of remove curse {unknown}
 A - a scroll of enchant weapon {unknown}
Potions
 b - 3 potions of berserk rage {unknown}
 d - a potion of might
 i - 4 potions of curing
 m - a potion of heal wounds {unknown}
 o - a potion of degeneration {unknown}
 p - a potion of lignification {unknown}
 t - a potion of brilliance {unknown}
 x - a potion of agility {unknown}
 C - 2 potions of cancellation {unknown}
Books
 w - a book of Transfigurations

   Spells                             Type                      Level
   a - Irradiate                      Conjuration/Transmutation    5
   b - Statue Form                    Transmutation/Earth          6
   c - Hydra Form                     Transmutation                6
   d - Dragon Form                    Transmutation                7
Comestibles
 f - a bread ration
 h - 4 royal jellies
 r - 2 meat rations
 z - 6 fruits


   Skills:
 + Level 4.6 Fighting
 + Level 7.4 Axes
 + Level 4.7 Armour
 + Level 1.0 Dodging
 + Level 4.9 Shields


You had 4 spell levels left.
You knew the following spells:

 Your Spells              Type           Power        Failure   Level  Hunger
a - Blink                 Tloc           N/A          100%        2    ###....


Dungeon Overview and Level Annotations

Branches:
Dungeon (5/15)             Temple (0/1) D:4

Altars:
Ashenzari
Kikubaaqudgha
Makhleb
Okawaru

Shops:
D:4 [

Annotations:
D:4 hat of the alchemist, Dowan; gungr's ghost, amateur OpTm


Message History

Dowan hits you with a dagger of flaming.
Dowan burns you. You block the sky beast's attack.
Dowan hits you with a dagger of flaming.
* * * LOW HITPOINT WARNING * * *
Dowan burns you.
* * * LOW HITPOINT WARNING * * *
You miss Dowan.
Dowan is severely wounded.
You barely miss the sky beast. Dowan hits you but does no damage.
The sky beast hits you but does no damage.
You miss Dowan.
Dowan is severely wounded.
You closely miss the sky beast. Dowan casts a spell at you.
The shard of ice hits you!
* * * LOW HITPOINT WARNING * * *
The sky beast hits you but does no damage.
Dowan casts a spell at you. The shard of ice hits you!
You die...

##############................
#...........#############'#..
#.....................'...#..
#.....................#...#..
#....####...##.......(#...#..
#....####...#####'######'##..
#...........##.......#.....##
#(...................'.....#.
#.(.........@Y.......#.....#.
#............e.......#.....#.
#....................#.....'.
####'#################.#.....#.
#....................##########
#.≈≈≈≈≈..........###.#
#.≈###≈........###8###
#..'∩'.........#._._.#
##≈###≈........##...###########


You could see a sky beast and Dowan.

Vanquished Creatures
  Duvessa (D:5)
  A scorpion (D:5)
  A vampire bat (D:3)
  A hound (D:5)
  A bullfrog skeleton (D:5)
  A quasit (D:3)
  2 iguanas
  Ijyb (D:5)
  2 worker ants
  3 adders
  A shadow imp (D:5)
  2 oozes (D:2)
  5 worms
  5 dart slugs
  4 leopard geckos
  6 orcs
  A ball python (D:3)
  8 bats
  4 bat skeletons (D:3)
  3 bat zombies (D:3)
  A giant cockroach (D:3)
  7 goblins
  13 hobgoblins
  6 jackals
  3 quokkas
  A frilled lizard (D:2)
  4 kobolds
  7 rats
95 creatures vanquished.

Notes
Turn   | Place    | Note
-------+----------+-------------------------------------------
     0 | D:1      | tmwrnj the Hill Orc Fighter began the quest for the Orb.
     0 | D:1      | Reached XP level 1. HP: 19/19 MP: 1/1
    81 | D:1      | Reached skill level 3 in Axes
    81 | D:1      | Reached XP level 2. HP: 24/27 MP: 2/2
   398 | D:1      | Reached XP level 3. HP: 33/33 MP: 3/3
   547 | D:2      | Learned a level 2 spell: Blink
   746 | D:2      | Reached skill level 4 in Axes
   771 | D:2      | Reached XP level 4. HP: 37/40 MP: 4/4
   830 | D:2      | Found a shattered altar of Ashenzari.
  1816 | D:3      | Reached skill level 5 in Axes
  1816 | D:3      | Reached XP level 5. HP: 39/46 MP: 5/5
  2078 | D:3      | Found an ancient bone altar of Kikubaaqudgha.
  2202 | D:4      | Found a staircase to the Ecumenical Temple.
  2207 | D:4      | Noticed gungr's ghost (amateur OpTm)
  2379 | D:4      | Reached XP level 6. HP: 52/52 MP: 6/6
  2597 | D:4      | Found Siwn's Armour Shoppe.
  2655 | D:4      | Found a burning altar of Makhleb.
  2656 | D:4      | Found an iron altar of Okawaru.
  2973 | D:5      | Entered Level 5 of the Dungeon
  3148 | D:5      | Reached skill level 6 in Axes
  3206 | D:5      | Noticed Ijyb
  3240 | D:5      | Reached XP level 7. HP: 11/60 MP: 7/7
  3248 | D:5      | Killed Ijyb
  3248 | D:5      | Reached skill level 7 in Axes
  3559 | D:5      | Noticed Duvessa
  3560 | D:5      | Noticed Dowan
  3587 | D:5      | Killed Duvessa
  3587 | D:5      | Reached skill level 1 in Dodging
  3607 | D:4      | HP: 3/60 [Dowan/shard of ice (15)]
  3607 | D:4      | Killed from afar by Dowan

Skill      XL: |  1  2  3  4  5  6  7 |
---------------+----------------------+-----
Axes           | 3 4 5 6 7 |  7.4
Fighting       | 4 |  4.6
Armour         | 4 |  4.7
Shields        | 4 |  4.9
Dodging        | 1 |  1.0

Action                   |  1- 3 |  4- 6 |  7- 9 || total
-------------------------+-------+-------+-------++-------
Melee: War axe           |    88 |   213 |    35 ||   336
  Use: Scroll            |       |     3 |       ||     3
  Eat: Chunk             |       |     8 |     1 ||     9
Armor: Scale mail        |    17 |       |       ||    17
       Chain mail        |    35 |   155 |    33 ||   223
Dodge: Dodged            |    25 |    56 |    10 ||    91
Block: Shield            |    46 |   121 |    23 ||   190
